[Event "22nd ECCC Women 2017"]
[Site "Antalya"]
[Date "2017.10.12"]
[Round "4"]
[White "Voit, Daria"]
[Black "Zaiatz, Elena"]
[Result "1-0"]
[ECO "E08"]
[WhiteElo "2387"]
[BlackElo "2334"]
[Annotator "ChessBase"]
[PlyCount "77"]
[EventType "team-tourn"]
[EventCountry "TUR"]
[SourceTitle "playchess.com"]
[Source "ChessBase"]
[SourceQuality "1"]
[WhiteTeam "Legacy Square Capital"]
[BlackTeam "Bossa Nova"]
[TimeControl "40/5400+30:1800+30"]

1. d4 Nf6 2. Nf3 d5 3. c4 e6 4. g3 Bb4+ 5. Bd2 Be7 6. Bg2 O-O 7. O-O c6 8. Qc2 b6 9. Rd1 Bb7 10. Bf4 Nbd7 11. Ne5 Rc8 12. Nc3 Nxe5 13. dxe5 Nd7 14. cxd5 cxd5 15. e4 d4 16. Rxd4 Qc7 17. Qa4 Bc6 18. Qa6 Nc5 19. Qe2 g5 20. Qg4 Kh8 21. Be3 Qxe5 22. Rad1 Qg7 23. e5 Bxg2 24. Kxg2 Qg6 25. b4 Na6 26. Rd7 Bxb4 27. Ne4 h5 28. Qf3 Nb8 29. Rb7 g4 30. Qf6+ Qxf6 31. Nxf6 Kg7 32. Nxh5+ Kg6 33. Nf6 Kf5 34. Nxg4 Nc6 35. h3 Bc5 36. Bh6 Rfd8 37. Rxf7+ Kg6 38. Rg7+ Kf5 39. Rg5+ 1-0

[Event "22nd ECCC Women 2017"]
[Site "Antalya"]
[Date "2017.10.11"]
[Round "4"]
[White "Kovanova, Baira"]
[Black "Dragomirescu, Angela"]
[Result "1/2-1/2"]
[ECO "B07"]
[WhiteElo "2371"]
[BlackElo "2231"]
[Annotator "ChessBase"]
[PlyCount "107"]
[EventType "team-tourn"]
[EventCountry "TUR"]
[SourceTitle "playchess.com"]
[Source "ChessBase"]
[SourceQuality "1"]
[WhiteTeam "UGRA"]
[BlackTeam "Timisoara"]
[TimeControl "40/5400+30:1800+30"]

1. e4 d6 2. d4 Nf6 3. Nc3 g6 4. Be3 a6 5. Qd2 b5 6. Bd3 Bb7 7. Nf3 b4 8. Ne2 Nxe4 9. Qxb4 Qc8 10. d5 Nf6 11. c4 Bg7 12. Qd2 c6 13. dxc6 Nxc6 14. O-O O-O 15. h3 Ne5 16. Nxe5 dxe5 17. Nc3 Rd8 18. Qc2 Qe6 19. Rfe1 Rac8 20. Bf1 Nh5 21. Na4 Qc6 22. Nb6 Rb8 23. Rac1 e6 24. b4 Nf4 25. f3 Rd4 26. Bxd4 exd4 27. c5 d3 28. Bxd3 Nxh3+ 29. Kh1 Ng5 30. Be4 Nxe4 31. Qxe4 Qc7 32. c6 Qxb6 33. cxb7 Rxb7 34. Rc8+ Bf8 35. Rd1 Rb8 36. Rxb8 Qxb8 37. a3 h5 38. Qh4 Qe5 39. Qd4 Qg3 40. f4 h4 41. Rd3 Qg4 42. Qf6 Qe2 43. Rh3 Be7 44. Qe5 Qd1+ 45. Kh2 g5 46. Rc3 Qd8 47. Rc6 gxf4 48. Qxf4 Bg5 49. Qe5 Bf6 50. Qc5 Qb8+ 51. Kh1 Qf4 52. Qc1 Qg3 53. Rc8+ Kg7 54. Rc5 1/2-1/2

[Event "22nd ECCC Women 2017"]
[Site "Antalya"]
[Date "2017.10.12"]
[Round "4"]
[White "Yildiz, Betul Cemre"]
[Black "Fataliyeva, Ulviyya"]
[Result "0-1"]
[ECO "E12"]
[WhiteElo "2350"]
[BlackElo "2348"]
[Annotator "ChessBase"]
[PlyCount "94"]
[EventType "team-tourn"]
[EventCountry "TUR"]
[SourceTitle "playchess.com"]
[Source "ChessBase"]
[SourceQuality "1"]
[WhiteTeam "Anatolia"]
[BlackTeam "Odlar Yurdu"]
[TimeControl "40/5400+30:1800+30"]

1. d4 e6 2. c4 Nf6 3. Nf3 b6 4. Nc3 Bb7 5. a3 Be7 6. d5 O-O 7. g3 exd5 8. cxd5 b5 9. Bg2 b4 10. axb4 Bxb4 11. Nh4 d6 12. O-O Re8 13. Be3 Rxe3 14. fxe3 Bc5 15. Nf5 g6 16. Nd4 Qe7 17. Qd2 Ng4 18. e4 Nd7 19. Rf4 Nge5 20. Na4 Qd8 21. Nxc5 Nxc5 22. b4 Ncd7 23. Nf3 Qb8 24. Nxe5 Nxe5 25. Rff1 Bc8 26. Qd4 Bd7 27. Rfc1 a6 28. Bf1 Ra7 29. Kg2 h5 30. e3 Bc8 31. b5 a5 32. Ra4 Bd7 33. Ra2 h4 34. h3 Rb7 35. Rxa5 Bxh3+ 36. Kh1 Bxf1 37. Rxf1 Qc8 38. Kh2 hxg3+ 39. Kg2 Qg4 40. Ra8+ Kg7 41. Ra2 Rxb5 42. Rf4 Qh5 43. Kxg3 g5 44. Rf5 Qh4+ 45. Kg2 Rb1 46. Rxe5 Qh1+ 47. Kf2 Qh2+ 0-1

[Event "22nd ECCC Women 2017"]
[Site "Antalya"]
[Date "2017.10.11"]
[Round "4"]
[White "Balajayeva, Khanim"]
[Black "Isgandarova, Khayala"]
[Result "1-0"]
[ECO "C14"]
[WhiteElo "2319"]
[BlackElo "2242"]
[Annotator "NA"]
[PlyCount "87"]
[EventType "team-tourn"]
[EventCountry "TUR"]
[SourceTitle "playchess.com"]
[Source "ChessBase"]
[SourceQuality "1"]
[WhiteTeam "Odlar Yurdu"]
[BlackTeam "Anatolia"]
[TimeControl "40/5400+30:1800+30"]

1. e4 e6 2. d4 d5 3. Nc3 Nf6 4. Bg5 Be7 5. e5 Nfd7 6. Bxe7 Qxe7 7. f4 {[%emt 0:00:30] LiveBook: 1399 Partien} a6 8. Nf3 c5 9. Qd2 Nc6 10. dxc5 Qxc5 11. Bd3 b5 12. a3 Nb6 {[%emt 0:10:00] C14: French: Classical System: 4 Bg5 Be7 main line} (12... O-O 13. Qf2 Ra7 14. Qxc5 Nxc5 15. Kd2 f5 16. Ne2 h6 17. Rhg1 g5 18. g4 Ne4+ 19. Ke3 Rg7 20. gxf5 {1-0 (66) Robson,R (2620)-Akobian,V (2616) Wheeling 2013}) 13. b4 Qe7 14. Qf2 Nc4 $146 ({Predecessor:} 14... Rb8 15. O-O Nc4 16. Ne2 Bd7 17. Ned4 Nxd4 18. Nxd4 O-O 19. Qg3 f5 20. Qf2 {1-0 (39) Daulyte,D (2419)-Isgandarova,K (2257) Kocaeli 2017}) 15. Bxc4 dxc4 16. Ne4 O-O 17. O-O Qa7 18. c3 Qxf2+ 19. Kxf2 a5 $18 (19... Ne7 $16) 20. Nd6 Bd7 21. Rfd1 axb4 22. axb4 Ne7 23. Rxa8 Rxa8 24. Nxc4 Nd5 25. Ne3 Ra2+ 26. Kg3 Nxe3 27. Rxd7 h6 28. Nd4 Nxg2 29. Nxb5 Ne1 30. Nd6 Rg2+ 31. Kh3 Rf2 32. Nxf7 Rxf4 33. Nd8 g5 34. Nxe6 Re4 35. Rg7+ Kh8 36. Rg6 Rh4+ 37. Kg3 Nd3 38. b5 Nxe5 39. b6 Nd7 40. Nd4 Re4 41. Rd6 Nc5 42. Rc6 Nd7 43. Rc8+ Kg7 44. Rc7 1-0

[Event "22nd ECCC Women 2017"]
[Site "Antalya"]
[Date "2017.10.11"]
[Round "4"]
[White "Klinova, Masha"]
[Black "Ince, Safiye Oyku"]
[Result "1-0"]
[ECO "B40"]
[WhiteElo "2289"]
[BlackElo "1861"]
[Annotator "NA"]
[PlyCount "97"]
[EventType "team-tourn"]
[EventCountry "TUR"]
[SourceTitle "playchess.com"]
[Source "ChessBase"]
[SourceQuality "1"]
[WhiteTeam "Beer Sheva"]
[BlackTeam "Mediterranean"]
[TimeControl "40/5400+30:1800+30"]

1. e4 c5 2. Nf3 e6 3. c4 Nc6 4. Nc3 Nd4 5. d3 Ne7 6. Nxd4 cxd4 7. Ne2 Qb6 8. g3 d5 9. exd5 exd5 10. Bg2 Be6 11. O-O dxc4 12. dxc4 Nc6 $18 13. b3 Be7 14. Nf4 O-O 15. Nd5 Bxd5 16. cxd5 Nb4 17. a3 Na6 18. Bb2 Bf6 19. Rc1 Rac8 20. b4 Nc7 21. Qd3 Nb5 22. Rxc8 Rxc8 23. Re1 g6 24. h4 Nc3 25. h5 Qd6 26. h6 Qf8 27. Bc1 Re8 28. Rxe8 Qxe8 29. Bd2 Qe2 30. Qxe2 Nxe2+ 31. Kf1 Nc3 32. d6 b6 33. Bc6 Bd8 34. b5 g5 35. f4 gxf4 36. Bxf4 Nb1 37. Ke2 Bf6 38. Kd3 Nxa3 39. d7 Bd8 40. Kxd4 f6 41. Kc3 f5 42. Kb3 Nxb5 43. Bxb5 Kf7 44. Kc4 Ke6 45. Bb8 a6 46. Bxa6 Kxd7 47. Kd5 Bf6 48. Bd3 Kc8 49. Bf4 1-0

[Event "22nd ECCC Women 2017"]
[Site "Antalya"]
[Date "2017.10.12"]
[Round "4"]
[White "Stetsko, Lanita"]
[Black "Savina, Anastasia"]
[Result "0-1"]
[ECO "B45"]
[WhiteElo "2254"]
[BlackElo "2350"]
[Annotator "ChessBase"]
[PlyCount "92"]
[EventType "team-tourn"]
[EventCountry "TUR"]
[SourceTitle "playchess.com"]
[Source "ChessBase"]
[SourceQuality "1"]
[WhiteTeam "Bossa Nova"]
[BlackTeam "Legacy Square Capital"]
[TimeControl "40/5400+30:1800+30"]

1. e4 c5 2. Nc3 Nc6 3. Nge2 Nf6 4. d4 cxd4 5. Nxd4 e6 6. Nxc6 bxc6 7. e5 Nd5 8. Ne4 Qc7 9. f4 Qb6 10. c4 Ne3 11. Qd3 Nf5 12. Bd2 c5 13. Bc3 Bb7 14. O-O-O Rd8 15. Ng3 Nd4 16. Bxd4 cxd4 17. Qxd4 Qxd4 18. Rxd4 Bc5 19. Rd3 O-O 20. Be2 d5 21. Nh5 dxc4 22. Rg3 Kh8 23. Rf1 Be4 24. Rd1 Bg6 25. Rxd8 Rxd8 26. Rh3 Bb4 27. Bxc4 Bd2+ 28. Kd1 Bxf4+ 29. Ke1 Bxe5 30. b3 Bf5 31. Re3 Bxh2 32. Ng3 Bg4 33. Ne2 Bc7 34. b4 h5 35. a4 a5 36. b5 Bd6 37. Rd3 Bb4+ 38. Kd1 Rc8 39. Bb3 e5 40. Bxf7 Bf5 41. Rd2 Bxd2 42. Kxd2 Rd8+ 43. Kc3 h4 44. b6 Be4 45. Be6 Bxg2 46. Kc4 Rd6 0-1

[Event "22nd ECCC Women 2017"]
[Site "Antalya"]
[Date "2017.10.12"]
[Round "4"]
[White "Haussernot, Cecile"]
[Black "Ayan, Bengu Sena"]
[Result "1-0"]
[ECO "C11"]
[WhiteElo "2169"]
[BlackElo "1888"]
[Annotator "ChessBase"]
[PlyCount "67"]
[EventType "team-tourn"]
[EventCountry "TUR"]
[SourceTitle "playchess.com"]
[Source "ChessBase"]
[SourceQuality "1"]
[WhiteTeam "Mulhouse Philidor"]
[BlackTeam "Aegean"]
[TimeControl "40/5400+30:1800+30"]

1. e4 e6 2. d4 d5 3. Nc3 Nf6 4. e5 Nfd7 5. Nce2 c5 6. c3 Nc6 7. Nf3 Be7 8. a3 c4 9. Nf4 Na5 10. Be3 Qb6 11. Rb1 O-O 12. h4 f6 13. b4 cxb3 14. Bd3 f5 15. g4 Qc6 16. gxf5 exf5 17. Qe2 Nb6 18. Ng5 Bd7 19. e6 Be8 20. Rg1 Rf6 21. Nxh7 Kxh7 22. Qg4 Bg6 23. Bxf5 Qxc3+ 24. Bd2 Qxd4 25. Bxg6+ Kg8 26. Bf7+ Rxf7 27. exf7+ Kxf7 28. Qe6+ Ke8 29. Qg6+ Kd7 30. Qf5+ Ke8 31. Bxa5 Nc4 32. Qg6+ Kd7 33. Qe6+ Ke8 34. Nxd5 1-0

[Event "22nd ECCC Women 2017"]
[Site "Antalya"]
[Date "2017.10.11"]
[Round "4"]
[White "Neuhauser, Salome"]
[Black "Sade, Defne"]
[Result "0-1"]
[ECO "C54"]
[WhiteElo "2140"]
[BlackElo "1951"]
[Annotator "NA"]
[PlyCount "56"]
[EventType "team-tourn"]
[EventCountry "TUR"]
[SourceTitle "playchess.com"]
[Source "ChessBase"]
[SourceQuality "1"]
[WhiteTeam "Mulhouse Philidor"]
[BlackTeam "Aegean"]
[TimeControl "40/5400+30:1800+30"]

1. e4 e5 2. Nf3 Nc6 3. Bc4 Bc5 4. c3 Nf6 5. d4 exd4 6. e5 d5 $11 7. Be2 {[%emt 0:00:30] LiveBook: 69 Games} Ne4 8. cxd4 Bb6 9. Nc3 O-O 10. O-O h6 11. Be3 Bg4 12. Rc1 f5 13. Nxd5 Bxf3 14. gxf3 Ng5 15. Nxb6 axb6 16. f4 Nh7 17. Bf3 Kh8 18. d5 Ne7 19. Qb3 g5 20. d6 Nc6 21. dxc7 Qxc7 22. Kh1 gxf4 23. Bxf4 Ng5 24. Bg2 Rae8 25. Rg1 Ne4 26. Qe3 Qf7 27. Bxh6 Rg8 28. f4 Ng3+ 0-1

[Event "22nd ECCC Women 2017"]
[Site "Antalya"]
[Date "2017.10.11"]
[Round "4"]
[White "Arda, Cagil Irmak"]
[Black "Hojjatova, Aydan"]
[Result "1-0"]
[ECO "C07"]
[WhiteElo "2040"]
[BlackElo "2341"]
[Annotator "NA"]
[PlyCount "87"]
[EventType "team-tourn"]
[EventCountry "TUR"]
[SourceTitle "playchess.com"]
[Source "ChessBase"]
[SourceQuality "1"]
[WhiteTeam "Anatolia"]
[BlackTeam "Odlar Yurdu"]
[TimeControl "40/5400+30:1800+30"]

1. e4 e6 2. d4 d5 3. Nd2 c5 4. exd5 Qxd5 5. Ngf3 cxd4 6. Bc4 Qd7 {[%emt 0:00:00] C07: French Tarrasch: 3...c5, 4 Ngf3 and 4 exd5 Qxd5} 7. O-O Nc6 8. Nb3 a6 9. Nbxd4 Nxd4 10. Nxd4 Qc7 11. Bb3 Bd6 12. Qh5 Nf6 13. Qh4 Bd7 14. Bg5 O-O-O 15. Rad1 h6 16. Bxf6 gxf6 {[%emt 0:00:30] [#]} 17. Rd3 $146 Kb8 18. Rfd1 Be5 19. c3 Rdg8 20. g3 h5 $11 21. Nf3 Bc6 22. Nxe5 Qxe5 23. Rd4 Bf3 24. Rf1 Bg4 25. Bd1 Ka7 26. h3 Qf5 27. Re1 e5 28. Rd6 Bxh3 29. Rxf6 Qd7 30. Bb3 Be6 31. Rd1 Qe7 32. Bxe6 fxe6 33. Rf4 Qc5 34. Rc4 Qb6 35. Rb4 Qc6 36. Qe4 Qc7 37. Qe3+ Ka8 38. Qb6 Qf7 39. Rh4 Qf3 40. Rd7 Rf8 41. Ra4 Kb8 42. Qc7+ Ka7 43. Qc5+ Kb8 44. Qd6+ 1-0

[Event "22nd ECCC Women 2017"]
[Site "Antalya"]
[Date "2017.10.12"]
[Round "4"]
[White "Sahin, Handenur"]
[Black "Richard, Emma"]
[Result "0-1"]
[ECO "B22"]
[WhiteElo "1960"]
[BlackElo "2086"]
[Annotator "NA"]
[PlyCount "60"]
[EventType "team-tourn"]
[EventCountry "TUR"]
[SourceTitle "playchess.com"]
[Source "ChessBase"]
[SourceQuality "1"]
[WhiteTeam "Aegean"]
[BlackTeam "Mulhouse Philidor"]
[TimeControl "40/5400+30:1800+30"]

1. e4 c5 2. c3 d5 3. exd5 Qxd5 4. d4 Nc6 5. Nf3 Bf5 {[%emt 0:00:00] B22: Sicilian: 2 c3} (5... Nf6 6. Be2 cxd4 7. cxd4 e6 8. O-O Be7 9. Nc3 Qd6 10. Nb5 Qd8 11. Bf4 Nd5 12. Bg3 O-O 13. Bc4 a6 14. Nc3 Nxc3 15. bxc3 b5 16. Bd3 Bb7 17. a4 b4 18. Rb1 Bf6 19. Be4 a5 20. cxb4 axb4 21. Bxc6 {½-½ (21) Zvjaginsev,V (2660)-Moiseenko,A (2692) Berlin 2015}) 6. Na3 cxd4 7. Nb5 O-O-O 8. cxd4 e5 9. Nc3 Qa5 10. Bd2 exd4 11. Nb5 $146 ({Predecessor:} 11. Ne2 Qb6 12. Qb3 Qxb3 13. axb3 d3 14. Nc1 h6 15. b4 Bxb4 16. Bxb4 Nxb4 17. Rxa7 Nf6 {0-1 (17) Stamnov,A (2156)-Kanmazalp,O (2372) Skopje 2013}) 11... Re8+ 12. Be2 Qxb5 13. Be3 d3 14. Bf1 Bb4+ 15. Nd2 Qa5 16. a3 Bxd2+ 17. Qxd2 Qxd2+ 18. Kxd2 Nf6 19. f3 Na5 20. Rc1+ Kb8 21. Bf4+ Ka8 22. Kd1 Rc8 23. g4 $19 Bg6 24. Bg2 Rc2 25. Rxc2 dxc2+ 26. Ke2 Nb3 27. h4 Nd5 28. Bg5 h6 29. Bc1 Nxc1+ 30. Rxc1 Nf4+ 0-1

[Event "22nd ECCC Women 2017"]
[Site "Antalya"]
[Date "2017.10.11"]
[Round "4"]
[White "Celik, Eda"]
[Black "Choisy, Mathilde"]
[Result "0-1"]
[ECO "B23"]
[WhiteElo "1880"]
[BlackElo "2162"]
[Annotator "ChessBase"]
[PlyCount "118"]
[EventType "team-tourn"]
[EventCountry "TUR"]
[SourceTitle "playchess.com"]
[Source "ChessBase"]
[SourceQuality "1"]
[WhiteTeam "Aegean"]
[BlackTeam "Mulhouse Philidor"]
[TimeControl "40/5400+30:1800+30"]

1. e4 c5 2. Nc3 d6 3. Bc4 Nc6 4. d3 g6 5. a3 Bg7 6. Ba2 e6 7. Nf3 Nge7 8. O-O O-O 9. Re1 Rb8 10. Ne2 Qc7 11. c3 Ne5 12. Nxe5 dxe5 13. Be3 Rd8 14. Qc2 b6 15. b4 Ba6 16. Red1 Rd7 17. c4 f5 18. f3 f4 19. Bf2 g5 20. Nc3 Ng6 21. bxc5 bxc5 22. Rab1 Rxb1 23. Rxb1 Bf8 24. Bb3 Qd8 25. Rd1 h5 26. Ba4 Rg7 27. h3 Nh8 28. Bb5 Bc8 29. Kf1 g4 30. hxg4 hxg4 31. Ke2 a6 32. Ba4 Rh7 33. Bg1 Qg5 34. Kf1 g3 35. Bb3 Ng6 36. Ke2 Rh2 37. Kf1 Nh4 38. Rd2 Qh5 39. Qd1 Rh1 40. Na4 Ng6 41. Ke2 Nh4 42. Qf1 Bd7 43. Nb6 Be8 44. Ba4 Bxa4 45. Nxa4 Qe8 46. Nc3 Qd8 47. Kd1 Qd4 48. Bxd4 Rxf1+ 49. Ke2 exd4 50. Kxf1 dxc3 51. Rc2 Bg7 52. Ke1 Bd4 53. Kf1 Kf7 54. Rc1 Ke7 55. Rc2 Kd7 56. Rc1 Kc6 57. Rb1 Kc7 58. a4 Be3 59. Rb3 c2 0-1

[Event "22nd ECCC Women 2017"]
[Site "Antalya"]
[Date "2017.10.11"]
[Round "4"]
[White "Can, Isil"]
[Black "Brusilovski, Lena"]
[Result "0-1"]
[ECO "B77"]
[WhiteElo "1791"]
[BlackElo "1881"]
[Annotator "NA"]
[PlyCount "62"]
[EventType "team-tourn"]
[EventCountry "TUR"]
[SourceTitle "playchess.com"]
[Source "ChessBase"]
[SourceQuality "1"]
[WhiteTeam "Mediterranean"]
[BlackTeam "Beer Sheva"]
[TimeControl "40/5400+30:1800+30"]

1. e4 c5 2. Nf3 d6 3. d4 cxd4 4. Nxd4 Nf6 5. Nc3 g6 6. Be3 Bg7 7. f3 O-O 8. Qd2 Nc6 9. Bc4 Bd7 10. h4 Ne5 11. Bb3 h5 12. O-O-O Qa5 13. Bh6 Rfc8 14. Bxg7 Kxg7 15. g4 Nc4 16. Bxc4 Rxc4 17. Nb3 Qa6 18. e5 Nxg4 19. exd6 Nf6 20. dxe7 Re8 21. Qg5 Rxe7 22. Nc5 Qc6 23. Nxd7 Rxd7 24. Rxd7 Qxd7 25. f4 Qd4 26. Rf1 Ne4 27. Nxe4 Qxe4 28. c3 Qe3+ 29. Kc2 Qe2+ 30. Kb3 Qxf1 31. Qe5+ Kh7 0-1

[Event "22nd ECCC Women 2017"]
[Site "Antalya"]
[Date "2017.10.12"]
[Round "4"]
[White "Ovechkin, Lilia"]
[Black "Ozbek, Busra"]
[Result "1/2-1/2"]
[ECO "B06"]
[WhiteElo "1779"]
[BlackElo "1850"]
[Annotator "NA"]
[PlyCount "189"]
[EventType "team-tourn"]
[EventCountry "TUR"]
[SourceTitle "playchess.com"]
[Source "ChessBase"]
[SourceQuality "1"]
[WhiteTeam "Beer Sheva"]
[BlackTeam "Mediterranean"]
[TimeControl "40/5400+30:1800+30"]

1. d4 g6 2. e4 Bg7 3. Nf3 d6 4. Bc4 e6 5. Bg5 {[%emt 0:01:30] B06: Modern Defence} (5. Qe2 Ne7 6. O-O a6 7. Bb3 O-O 8. Re1 Nd7 9. Nbd2 b5 10. Nf1 c5 11. c3 cxd4 12. cxd4 Nc6 13. Be3 {1-0 (63) Grigoriants,S (2576)-Nakamura,H (2786) chess.com INT 2017}) 5... Ne7 6. Qd2 h6 7. Be3 a6 8. Nc3 b5 9. Bd3 Bb7 10. a4 b4 11. Ne2 a5 12. c3 Ba6 $146 ({Predecessor:} 12... bxc3 13. bxc3 Nd7 {0-1 (53) Stojic,S (2016)-Steadman,M (2264) Canberra 2010}) 13. O-O bxc3 14. Nxc3 Bxd3 15. Qxd3 O-O 16. Rac1 Na6 17. Qd2 Kh7 18. Ne1 Rb8 19. Qe2 Nb4 20. Nc2 Nec6 21. Rfd1 Nxc2 22. Rxc2 f5 23. Nb5 Nb4 24. Rxc7 Rxb5 25. Rxg7+ Kxg7 26. Qxb5 fxe4 27. Qb7+ Rf7 28. Bxh6+ Kg8 29. Qxe4 Qf6 30. Be3 Nd5 31. Rc1 Rb7 32. Qc2 Rc7 33. Qd2 Rxc1+ 34. Qxc1 Nxe3 35. fxe3 Qf5 36. Qc8+ Kg7 37. Qd7+ Kh6 38. Qxd6 Qb1+ 39. Kf2 Qxb2+ 40. Kf3 Qb7+ 41. Kg3 Qb3 42. Qf8+ Kh7 43. Qf7+ Kh6 44. Qf4+ Kg7 45. d5 exd5 46. Qd4+ Kh7 47. Kf3 Qb7 48. Ke2 Qa6+ 49. Kd2 Qb7 50. g3 Kg8 51. Qc3 Qa6 52. Qd3 Qd6 53. Qb5 Qd8 54. Kd3 Kh7 55. Kd4 Qd6 56. Qxd5 Qb4+ 57. Qc4 Qd2+ 58. Qd3 Qb4+ 59. Qc4 Qd2+ 60. Ke4 Qxh2 {[%emt 0:01:36] [#]} 61. Qf7+ $1 Kh6 {[%emt 0:00:35] [#]} 62. Qf8+ $1 Kh7 63. Qe7+ Kg8 64. Qe6+ $2 (64. Qd8+ $18 Kf7 65. Qxa5) 64... Kg7 (64... Kh7 $11 {remains equal.}) 65. Qe5+ Kh7 66. Qxa5 Qxg3 67. Qa7+ Kg8 68. a5 Qg4+ 69. Kd3 Qf5+ $1 70. e4 (70. Kc3 $18) 70... Qf1+ 71. Kd2 Qg2+ $1 72. Kd3 Qf1+ 73. Kc3 Qe1+ {[%emt 0:00:09] [#]} 74. Kd3 (74. Kc4 $1 $16) 74... Qf1+ 75. Kd2 Qg2+ 76. Kc3 $1 Qxe4 77. Qb8+ (77. Qc7 $14 Qe1+ 78. Kb3) 77... Kh7 78. Qc7+ Kh6 79. Qc4 Qe1+ 80. Kd3 Qxa5 81. Qh4+ $1 Qh5 82. Qf4+ g5 83. Qf8+ $11 Kh7 84. Qe7+ Kg8 85. Qe6+ Qf7 86. Qc8+ Kh7 87. Qg4 Kg6 88. Ke3 Qb3+ 89. Kf2 Qc2+ 90. Kg3 Qd3+ 91. Kf2 Qd2+ 92. Kg3 Qe1+ 93. Kg2 Qd2+ 94. Kg3 Qe3+ 95. Kg2 1/2-1/2

[Event "22nd ECCC Women 2017"]
[Site "Antalya"]
[Date "2017.10.12"]
[Round "5"]
[White "Mammadova, Gulnar"]
[Black "Voit, Daria"]
[Result "0-1"]
[ECO "B50"]
[WhiteElo "2385"]
[BlackElo "2387"]
[Annotator "NA"]
[PlyCount "108"]
[EventType "team-tourn"]
[EventCountry "TUR"]
[SourceTitle "playchess.com"]
[Source "ChessBase"]
[SourceQuality "1"]
[WhiteTeam "Odlar Yurdu"]
[BlackTeam "Legacy Square Capital"]
[TimeControl "40/5400+30:1800+30"]

1. e4 c5 2. Nf3 e6 3. b3 d6 4. Bb2 Nf6 5. d3 Nc6 6. g3 {[%emt 0:00:30] B50: Sizilianisch (Verschiedenes mit 2...d6)} (6. Nbd2 Be7 7. g3 O-O 8. Bg2 e5 9. O-O b5 10. a3 a5 11. c3 Qb6 12. d4 cxd4 13. cxd4 exd4 {0-1 (37) Bacrot,E (2695)-Rublevsky,S (2676) Moscow 2007}) 6... g6 7. Bg2 Bg7 8. O-O O-O 9. Nbd2 e5 10. Nc4 h6 11. a4 Be6 12. Nfd2 Qd7 13. f4 exf4 $15 {[%emt 0:00:30] stays ahead.} (13... d5 $2 ) 14. gxf4 (14. Rxf4 Ng4 $11) 14... d5 $146 (14... Nd4) 15. Ne5 Nxe5 16. fxe5 Nh5 17. exd5 Bxd5 18. Bxd5 Qxd5 19. Qf3 Rad8 20. Rae1 Rfe8 21. Qxd5 Rxd5 22. Nc4 Re6 23. Ne3 Rd7 24. Ng4 g5 25. Bc1 Rde7 26. Rf5 (26. Re3 $11) 26... Kh7 27. Rf3 Kg6 28. Rfe3 Kf5 29. Re4 Bxe5 30. Ne3+ Kg6 31. Nd5 Re8 32. Kg2 Nf6 33. Nxf6 Kxf6 34. Ba3 Bd4 35. Kf3 Rxe4 36. dxe4 b6 37. Rd1 Ke6 38. b4 cxb4 39. Bxb4 Be5 40. a5 bxa5 41. Bxa5 Rc8 42. c3 h5 43. h3 Rc5 44. Bb4 Rb5 45. Rd8 a5 46. Bf8 f6 47. c4 Rb8 48. Rxb8 Bxb8 49. Ba3 Kd7 50. Ke3 Bd6 51. Bb2 Ke6 52. Kd3 a4 53. Kc2 a3 54. Bc1 Ke5 0-1

[Event "22nd ECCC Women 2017"]
[Site "Antalya"]
[Date "2017.10.13"]
[Round "5"]
[White "Savina, Anastasia"]
[Black "Balajayeva, Khanim"]
[Result "0-1"]
[ECO "D27"]
[WhiteElo "2350"]
[BlackElo "2319"]
[Annotator "ChessBase"]
[PlyCount "94"]
[EventType "team-tourn"]
[EventCountry "TUR"]
[SourceTitle "playchess.com"]
[Source "ChessBase"]
[SourceQuality "1"]
[WhiteTeam "Legacy Square Capital"]
[BlackTeam "Odlar Yurdu"]
[TimeControl "40/5400+30:1800+30"]

1. d4 d5 2. c4 dxc4 3. e3 Nf6 4. Bxc4 e6 5. Nf3 c5 6. O-O a6 7. b3 b5 8. Be2 Bb7 9. Bb2 Nbd7 10. a4 b4 11. Nbd2 Be7 12. Rc1 Rc8 13. Nc4 O-O 14. h3 Nd5 15. Nfe5 cxd4 16. Nxd7 Qxd7 17. Bxd4 Ba8 18. Bd3 Bf6 19. Qh5 g6 20. Qg4 Bxd4 21. Qxd4 Qc7 22. e4 Nf4 23. Ne5 Qe7 24. Rxc8 Rxc8 25. Bxa6 Rd8 26. Qe3 Qg5 27. g3 Nxh3+ 28. Kg2 Qxe5 29. Kxh3 Bxe4 30. Qf4 Qh5+ 31. Qh4 Qf5+ 32. Kh2 Rd5 33. Be2 Bd3 34. Bg4 Qe4 35. Rc1 Qd4 36. Kg1 Kg7 37. Bf3 Qb2 38. Rc7 Rf5 39. Kg2 Bf1+ 40. Kxf1 Rxf3 41. g4 Qb1+ 42. Kg2 Qe4 43. Rc4 Qd5 44. Kh2 h6 45. g5 hxg5 46. Qd4+ Qxd4 47. Rxd4 Rxb3 0-1

[Event "22nd ECCC Women 2017"]
[Site "Antalya"]
[Date "2017.10.13"]
[Round "5"]
[White "Sandu, Mihaela"]
[Black "Haussernot, Cecile"]
[Result "1-0"]
[ECO "B92"]
[WhiteElo "2278"]
[BlackElo "2169"]
[Annotator "ChessBase"]
[PlyCount "75"]
[EventType "team-tourn"]
[EventCountry "TUR"]
[SourceTitle "playchess.com"]
[Source "ChessBase"]
[SourceQuality "1"]
[WhiteTeam "Timisoara"]
[BlackTeam "Mulhouse Philidor"]
[TimeControl "40/5400+30:1800+30"]

1. e4 c5 2. Nf3 d6 3. d4 cxd4 4. Nxd4 Nf6 5. Nc3 a6 6. Be2 e5 7. Nb3 Be6 8. O-O Be7 9. Be3 O-O 10. Qd2 Nbd7 11. a4 Rc8 12. f3 Nb6 13. a5 Nc4 14. Bxc4 Rxc4 15. Rfd1 Qc7 16. Kh1 Qc6 17. Nc1 Rc8 18. N1e2 Ne8 19. Bb6 h6 20. Be3 Qd7 21. b3 R4c6 22. Ra2 f5 23. Nd5 fxe4 24. fxe4 Nf6 25. Nxf6+ Bxf6 26. c4 Qf7 27. Nc3 Rf8 28. Rf1 Qg6 29. Raa1 Rd8 30. Nd5 Bxd5 31. Qxd5+ Kh7 32. Rf3 Bg5 33. Rg3 Bxe3 34. Rxg6 Kxg6 35. Rf1 Rc7 36. Qe6+ Kh7 37. g3 Bg5 38. Rf7 1-0

[Event "22nd ECCC Women 2017"]
[Site "Antalya"]
[Date "2017.10.12"]
[Round "5"]
[White "Isgandarova, Khayala"]
[Black "Can, Isil"]
[Result "1-0"]
[ECO "A08"]
[WhiteElo "2242"]
[BlackElo "1791"]
[Annotator "NA"]
[PlyCount "59"]
[EventType "team-tourn"]
[EventCountry "TUR"]
[SourceTitle "playchess.com"]
[Source "ChessBase"]
[SourceQuality "1"]
[WhiteTeam "Anatolia"]
[BlackTeam "Mediterranean"]
[TimeControl "40/5400+30:1800+30"]

1. Nf3 d5 2. g3 Nf6 3. Bg2 c5 4. d3 Nc6 5. O-O e5 6. e4 d4 7. Nbd2 {[%emt 0:00:30] A08: King's Indian Attack} (7. a4 Be7 8. Na3 Bg4 9. h3 Bh5 10. Nc4 Nd7 11. Qe1 O-O 12. Nh2 b6 13. h4 f6 14. Bh3 Bf7 15. f4 {0-1 (55) Yuffa,D (2527)-Inarkiev,E (2694) Sochi 2017}) 7... Bg4 8. h3 Bh5 9. g4 Bg6 10. Nc4 Nd7 11. a4 Be7 12. Ne1 Nb6 $146 ({Predecessor:} 12... f6 13. f4 Bf8 14. f5 h5 15. Nf3 hxg4 16. hxg4 Qc7 {0-1 (16) Sergio Filho,C (1893)-Vitorazzi,V (1650) Cuiaba 2016}) 13. Nxb6 Qxb6 14. f4 f6 15. Nf3 O-O-O 16. Nh4 Qc7 17. Nf5 Bxf5 18. exf5 Bd6 19. a5 a6 20. Qf3 Rde8 21. Bd2 g6 22. fxg6 hxg6 23. Rae1 exf4 (23... Kb8 $11) 24. Rxe8+ Rxe8 25. Bxf4 $16 Ne5 26. Qd5 g5 27. Bg3 Qe7 28. c3 Kb8 29. Rxf6 Rd8 30. Rxd6 1-0